 Dungeon Crawl Stone Soup version 0.31.0-11-ge490571c62 (webtiles) character file.

Game seed: 9767088958701820334

102 Silvore the Trooper (level 4, -10/35 HPs)
             Began as a Demonspawn Fighter on Feb 9, 2024.
             Mangled by Crazy Yiuf
             ... wielding a +3 quarterstaff of chaos
              (13 damage)
             ... on level 3 of the Dungeon.
             The game lasted 00:03:21 (2441 turns).

Silvore the Trooper (Demonspawn Fighter)            Turns: 2441, Time: 00:03:21

Health: -10/35     AC:  9    Str: 18    XL:     4   Next: 50%
Magic:  4/4        EV:  8    Int:  9    God:
Gold:   167        SH:  8    Dex: 12    Spells: 3/3 levels left

rFire   . . .        a - +1 long sword (chaos)
rCold   . . .        g - +0 kite shield
rNeg    . . .        b - +0 scale mail
rPois   .            (no helmet)
rElec   .            f - +0 cloak
rCorr   .            (no gloves)
SInv    .            t - +0 pair of boots
Will    .....        (no amulet) Stlth
                     (no ring)
HPRegen 0.25/turn    (no ring)
MPRegen 0.09/turn

%: no passive effects
@: mighty, slowed, very slow
A: demonic magic 2
a: no special abilities


You were on level 3 of the Dungeon.
You visited 1 branch of the dungeon, and saw 3 of its levels.

You collected 167 gold pieces.

Inventory:

Hand Weapons
 a - a +1 long sword of chaos (weapon)
Armour
 b - a +0 scale mail (worn)
 c - a +0 buckler
 f - a +0 cloak (worn)
 g - a +0 kite shield (worn)
 t - a +0 pair of boots (worn)
Jewellery
 e - an amulet of faith
 l - a +6 ring of dexterity
Scrolls
 p - a scroll of noise {unknown}
 q - a scroll of identify {unknown}
 r - a scroll of butterflies {unknown}
 s - a scroll of immolation {unknown}
 u - a scroll of enchant armour {unknown}
Potions
 d - 2 potions of might
 h - a potion of degeneration {unknown}
 i - a potion of enlightenment {unknown}
 j - a potion of invisibility {unknown}
 k - a potion of lignification {unknown}
 m - a potion of heal wounds {unknown}
 n - a potion of curing {unknown}
 o - a potion of brilliance {unknown}


   Skills:
 + Level 3.4 Fighting
 + Level 3.1 Long Blades
 + Level 3.0 Armour
 + Level 1.1 Dodging
 + Level 3.0 Shields


You had 3 spell levels left.
You didn't know any spells.
Your spell library was empty.

Dungeon Overview and Level Annotations

Branches:
Dungeon (3/15)

Altars:
Ashenzari
Fedhas
Kikubaaqudgha
Qazlal
Ru
Vehumet

Annotations:
D:3 Crazy Yiuf


Innate Abilities, Weirdness & Mutations

Spells you cast may paralyse nearby enemies.


Message History

Crazy Yiuf is lightly wounded.
You block Crazy Yiuf's attack.
You slash Crazy Yiuf!
Crazy Yiuf is heavily wounded.
You block Crazy Yiuf's attack.
You barely miss Crazy Yiuf.
Crazy Yiuf is heavily wounded.
Crazy Yiuf closely misses you.
Crazy Yiuf hits you with a +3 quarterstaff of chaos!
You convulse.
You barely miss Crazy Yiuf.
Crazy Yiuf is heavily wounded.
Crazy Yiuf barely misses you.
You barely miss Crazy Yiuf.
Crazy Yiuf is heavily wounded.
Crazy Yiuf hits you with a +3 quarterstaff of chaos.
Crazy Yiuf hits you with a +3 quarterstaff of chaos!
* * * LOW HITPOINT WARNING * * *
You closely miss Crazy Yiuf.
Crazy Yiuf is heavily wounded.
You block Crazy Yiuf's attack.
You closely miss Crazy Yiuf.
Crazy Yiuf is heavily wounded.
Crazy Yiuf hits you with a +3 quarterstaff of chaos.
* * * LOW HITPOINT WARNING * * *
You feel yourself slow down.
Unknown command.
Press: ? - help, v - describe, . - travel
Here: Crazy Yiuf, wielding a +3 quarterstaff of chaos and wearing a +0 cloak (heavily wounded, unusually resistant)
An open translucent door.
You hit Crazy Yiuf but do no damage.
Nothing appears to happen.
Crazy Yiuf is heavily wounded.
Crazy Yiuf whimpers, "Ice!"
You block Crazy Yiuf's attack. x2
Okay, then.
You feel very mighty all of a sudden.
Crazy Yiuf waves his quarterstaff at you.
Crazy Yiuf closely misses you.
Crazy Yiuf hits you with a +3 quarterstaff of chaos!
You die...

### ##.# #........#.##.##
..# #..#
#####...####.#..#... ..##
#.## #............##....#
...# #.#
###########..#...### ...#
#.# #..#.###.. ...#
#.######## #..#'#....
##.# #.#....#.### ###
####...... #.#
#.......#..##...# ##.....
##.###......####@g...#
###.... ...........##
###..)# #.##...
##.######### ### #..##..
#.......# ##..##.
##.###### #....## ###
##############.##..#
#............###....
######.#.#.....####...##.
#.........#....# #.###).


You could see Crazy Yiuf (resistant).

Vanquished Creatures
  A gnoll (D:1)
  3 adders (D:3)
  3 ribbon worms
  An orc (D:3)
  10 endoplasms
  A giant cockroach (D:2)
  3 goblins
  6 hobgoblins
  4 jackals (D:2)
  2 kobolds
  A quokka (D:3)
  2 ball pythons
  6 bats
  8 frilled lizards
  4 rats (D:1)
55 creatures vanquished.

Notes
Turn   | Place    | Note
-------+----------+-------------------------------------------
     0 | D:1      | Silvore the Demonspawn Fighter began the quest for the Orb.
     0 | D:1      | Reached XP level 1. HP: 18/18 MP: 1/1
   127 | D:1      | Found a faded altar of an unknown god.
   187 | D:1      | Gained mutation: Spells you cast may paralyse adjacent
                  | enemies. [demonic ancestry]
   187 | D:1      | Reached XP level 2. HP: 14/24 MP: 2/2
   689 | D:2      | Reached XP level 3. HP: 24/29 MP: 3/3
  1647 | D:3      | Gained mutation: Spells you cast may paralyse nearby
                  | enemies. [demonic ancestry]
  1647 | D:3      | Reached XP level 4. HP: 23/35 MP: 4/4
  1698 | D:3      | Found a radiant altar of Vehumet.
  1906 | D:3      | Found a broken altar of Ashenzari.
  1906 | D:3      | Found a blossoming altar of Fedhas.
  1908 | D:3      | Found an ancient bone altar of Kikubaaqudgha.
  1914 | D:3      | Found a stormy altar of Qazlal.
  1965 | D:3      | Found a runed translucent door.
  1966 | D:3      | Noticed Crazy Yiuf
  2047 | D:3      | Reached skill level 1 in Dodging
  2394 | D:3      | Found a sacrificial altar of Ru.
  2441 | D:3      | Mangled by Crazy Yiuf

Illustrated notes

Levels and vault maps discovered:
D:1:      eino_arrival_cavern_a, layout_basic, shapermc_ecumenical_altar_ellora,
          nicolae_houndstooth_variations
D:2:      layout_loops_cross
D:3:      minmay_razor_zed, layout_loops_cross, lemuel_tele_altar,
          chequers_temple_overflow_statue_of_worship,
          mainiacjoe_overflow_alcove_2, uniq_crazy_yiuf_cottage

Skill      XL: |  1  2  3  4 |
---------------+-------------+-----
Long Blades    | 2 3 |  3.1
Shields        | 3 |  3.0
Armour         | 3 |  3.0
Dodging        | 1 |  1.1
Fighting       | |  3.4

Action                     |  1- 3 |  4- 6 || total
---------------------------+-------+-------++-------
  Melee: Long sword        |   155 |    28 ||   183
    Use: Scroll            |     5 |       ||     5
         Potion            |       |     1 ||     1
 Armour: Scale mail        |    94 |    19 ||   113
  Dodge: Dodged            |    58 |     9 ||    67
  Block: Buckler           |     3 |       ||     3
         Kite shield       |    71 |    15 ||    86
